 Dungeon Crawl Stone Soup version 0.14-a0-1844-g8283a67 (webtiles) character file.

1231 4tharraofdagon the Slasher (level 8, -12/67 HPs)
             Began as a Centaur Gladiator on Jan 12, 2014.
             Was a Follower of the Shining One.
             Mangled by an orc
             ... wielding a +2,+2 orcish short sword of distortion
              (24 damage)
             ... on Level 8 of the Dungeon.
             The game lasted 00:13:49 (2617 turns).

4tharraofdagon the Slasher (Centaur Gladiator)      Turns: 2617, Time: 00:13:50

HP -12/67        AC 11     Str 20      XL: 8   Next:  5%
MP   6/6         EV  8     Int  7      God: the Shining One [*.....]
Gold 179         SH  0     Dex 10      Spells:  0 memorised,  7 levels left

rFire  . . .     SeeInvis .     y - +0 scimitar (curse)
rCold  . . .     Clarity  .     i - +1 elf ring mail
rNeg   . . .     Conserve .     (no shield)
rPois  .         rCorr    .     k - +0 helmet
rElec  .         rRot     .     g - +1 cloak
SustAb . .       Spirit   .     t - +0 pair of gloves
rMut   .         Warding  .     (no barding)
Saprov . . .     Stasis   .     (no amulet)
                                (no ring)
                                (no ring)

@: glowing, very quick, slightly resistant to hostile enchantments, extremely
unstealthy
A: hooves 3, deformed body, herbivore 1, speed 2, fast metabolism 1, tough skin
3
a: Renounce Religion


You were on level 8 of the Dungeon.
You worshipped the Shining One.
The Shining One was aware of your devotion.
You were not hungry.

You visited 2 branches of the dungeon, and saw 9 of its levels.
You also visited: Sewer.

You collected 179 gold pieces.

Inventory:

Hand weapons
 a - a +0,+1 falchion
 y - a cursed +0,+0 scimitar (weapon)
Armour
 b - a +0 leather armour
 c - a +0 helmet
 e - a +0 ring mail
 g - a +1 cloak (worn)
 h - a +0 pair of gloves
 i - a +1 elven ring mail (worn)
 k - a +0 helmet (worn)
 t - a +0 pair of gloves (worn)
 w - a +0 chain mail
Comestibles
 f - 4 bread rations
 x - 2 meat rations
Scrolls
 d - 2 scrolls of fog {unknown}
 j - a scroll of enchant armour {unknown}
 m - 3 scrolls of identify
 n - 3 scrolls of recharging
 q - 3 scrolls of teleportation {unknown}
 s - 2 scrolls of remove curse
 u - 2 scrolls of amnesia {unknown}
 z - a scroll of immolation {unknown}
 C - a scroll of enchant weapon I {unknown}
 G - a scroll of curse weapon {unknown}
Jewellery
 o - an uncursed ring of teleport control
Potions
 l - 3 potions of brilliance
 p - a potion of magic
 r - a potion of flight
 v - 2 potions of lignification
 A - a potion of speed
 B - a potion of curing
 E - a potion of heal wounds
Books
 D - a book of Debilitation

   Spells                             Type                      Level
   Corona                             Hexes                        1
   Slow                               Hexes                        2
   Inner Flame                        Hexes/Fire                   3
   Enslavement                        Hexes                        4
   Cause Fear                         Hexes                        4
   Leda's Liquefaction                Hexes/Earth                  4
 F - a book of Summonings

   Spells                             Type                      Level
   Abjuration                         Summoning                    3
   Recall                             Summoning/Translocation      3
   Summon Elemental                   Summoning                    4
   Shadow Creatures                   Summoning                    5
   Summon Demon                       Summoning                    5
   Summon Ugly Thing                  Summoning                    6


   Skills:
 + Level 4.9 Fighting
 * Level 6.8 Long Blades
 - Level 2.6 Throwing
 + Level 3.1 Armour
 - Level 2.1 Dodging


You had 7 spell levels left.
You didn't know any spells.

Dungeon Overview and Level Annotations

Branches:
Dungeon (8/16)             Temple (1/1) D:5
   Lair: D:8-11

Altars:
Ashenzari
Elyvilon
Fedhas
Okawaru
Sif Muna
Trog
Xom
Yredelemnul
the Shining One

Shops:
D:8 *(

Annotations:
D:4 4tharraofdagon's ghost, weakling TrGl
D:7 Eustachio


Innate Abilities, Weirdness & Mutations

You have hooves in place of feet.
Armour fits poorly on your strangely shaped body.
You digest meat inefficiently.
You cover ground very quickly.
You have a fast metabolism.
You have extremely tough skin (AC +3).


Message History

The orc wizard hits you but does no damage.
You slash the orc wizard!
You kill the orc wizard!
The orc shouts!
Things that are here:
an orcish dagger; an orcish robe; an orc corpse; a giant club You start butchering the orc corpse.
You continue butchering the corpse.
You continue butchering the corpse.
You finish butchering the orc corpse.
Things that are here:
an orcish dagger; an orcish robe; 3 chunks of orc flesh; a giant club There isn't anything to butcher here.
Unknown command.
Eat one of 3 chunks of orc flesh? (ye/n/q/i?) This raw flesh tastes terrible.
You continue eating.
The orc hits you with a runed orcish short sword.
* * * LOW HITPOINT WARNING * * *
Space warps horribly around you!
You die...

..#..####..# #######'#### ###
..#..#..#.. #.# #. ...o.#..#.#
#.# ####. .$...#..#.# ##.#
#.... ..........# #..# ##+###
####.O...#### #.## #.....
#.....'..### #.# #.....
#.....##...######.#######.....
#.....####..o@..........+.....
#.....# ########.#######.....
#.....# #.# #..... #.....# #.#
#..... #.....# #.# 8.8...
####+## #.# .⌠.... #.# ∩.8##.
#.# ⌠.⌠.# . ###.## 8.8..k


You could see an orc.

Vanquished Creatures
  2 ogres
  2 big kobolds (Sewer)
  A giant frog (D:7)
  A killer bee (D:7)
  3 wights (D:6)
  3 crimson imps
  A quasit (D:5)
  2 orc wizards
  A scorpion (D:6)
  2 worker ants
  8 adders
  4 gnolls (D:6)
  A green rat (D:4)
  A steam dragon zombie (D:6)
  4 worms (Sewer)
  4 grey rats
  4 giant geckos
  2 oozes
  5 orcs
  4 bats
  8 giant cockroaches
  11 goblins
  7 hobgoblins
  7 jackals
  A quokka (D:6)
  2 ball pythons (Sewer)
  A giant newt (D:2)
  12 kobolds
  A kobold skeleton (D:4)
  An orc skeleton (D:4)
  6 rats
  A rat skeleton (D:6)
113 creatures vanquished.

Notes
Turn   | Place    | Note
--------------------------------------------------------------
     0 | D:1      | 4tharraofdagon, the Centaur Gladiator, began the quest for the Orb.
     0 | D:1      | Reached XP level 1. HP: 17/17 MP: 1/1
    59 | D:1      | Reached skill level 3 in Long Blades
    62 | D:1      | Reached XP level 2. HP: 9/24 MP: 2/2
   225 | D:2      | Reached XP level 3. HP: 13/30 MP: 3/3
   415 | D:4      | Found a bloodstained altar of Trog.
   462 | D:4      | Noticed 4tharraofdagon's ghost (weakling TrGl)
   466 | D:5      | Entered Level 5 of the Dungeon
   492 | D:5      | Reached skill level 1 in Armour
   492 | D:5      | Reached XP level 4. HP: 3/37 MP: 3/3
   542 | D:5      | Found a shattered altar of Ashenzari.
   553 | D:5      | Found a staircase to the Ecumenical Temple.
   565 | Temple   | Entered the Ecumenical Temple
   577 | Temple   | Became a worshipper of the Shining One
   603 | D:5      | Noticed an ice beast
   640 | D:5      | Paralysed by a giant eyeball for 2 turns
   649 | D:5      | Paralysed by a giant eyeball for 2 turns
   717 | D:5      | Noticed an ogre
   729 | D:5      | Reached skill level 4 in Long Blades
   809 | D:4      | Found a glowing drain.
   813 | Sewer    | Entered a sewer
   826 | Sewer    | Reached XP level 5. HP: 16/45 MP: 4/4
  1002 | Sewer    | Noticed a big kobold
  1002 | Sewer    | Noticed a big kobold
  1024 | Sewer    | Killed a big kobold
  1033 | Sewer    | Killed a big kobold
  1033 | Sewer    | Reached XP level 6. HP: 21/51 MP: 5/5
  1204 | Sewer    | Acquired the Shining One's first power
  1227 | Sewer    | Reached skill level 5 in Long Blades
  1474 | D:5      | Noticed an ogre
  1476 | D:5      | Paralysed by a giant eyeball for 3 turns
  1520 | D:5      | Noticed a centaur
  1888 | D:5      | Noticed a centaur
  1944 | D:6      | Reached XP level 7. HP: 15/59 MP: 5/5
  2167 | D:7      | Reached skill level 6 in Long Blades
  2454 | D:7      | Noticed Eustachio
  2526 | D:8      | Found Herull's Weapon Shop.
  2579 | D:8      | Found Klos Ahatau's General Store.
  2607 | D:8      | Reached XP level 8. HP: 13/67 MP: 6/6
  2617 | D:8      | Mangled by an orc

Action                   |  1- 3 |  4- 6 |  7- 9 || total
-------------------------+-------+-------+-------++-------
Melee: Falchion          |    74 |   209 |    10 ||   293
       Scimitar          |       |       |    59 ||    59
Throw: Throwing net      |     1 |     9 |     2 ||    12
  Use: Scroll            |     4 |       |     3 ||     7
       Potion            |     2 |     6 |       ||     8
